 Dungeon Crawl Stone Soup version 0.29.1-15-g9cfb28693d (webtiles) character file.

Game seed: 11065535462545382689

473 101zpm the Magician (level 7, -26/45 HPs)
             Began as a Djinni Fire Elementalist on Mar 15, 2023.
             Annihilated by an ogre
             ... wielding a +0 giant club
              (32 damage)
             ... on level 4 of the Dungeon.
             The game lasted 00:10:34 (2918 turns).

101zpm the Magician (Djinni Fire Elementalist)      Turns: 2918, Time: 00:10:35

Health: -26/45     AC:  2    Str:  7    XL:     7   Next: 32%
Gold:   130        EV: 12    Int: 18    God:
                   SH:  0    Dex: 14

rFire   + + +      SeeInvis .   (no weapon)
rCold   x . .      Faith    .   (no shield)
rNeg    . . .      Spirit   .   a - +0 robe
rPois   ∞          Reflect  .   (no helmet)
rElec   .          Harm     .   (no cloak)
rCorr   .          Rampage  .   (no gloves)
Will    ++...                   (boots unavailable)
Stlth   ++........              (no amulet)
HPRegen 0.15/turn               l - ring of fire
MPRegen 0.00/turn               f - ring of Juyl {rC+ Will++}

@: flying, very slightly contaminated
A: sickness immunity, fire resistance 2, cold vulnerability 1, float, innate
caster, HP casting, extra vitality 1
a: no special abilities


You were on level 4 of the Dungeon.
You visited 1 branch of the dungeon, and saw 5 of its levels.

You collected 130 gold pieces.

Inventory:

Missiles
 b - a boomerang (quivered)
Armour
 a - a +0 robe (worn)
Jewellery
 e - a ring of protection from fire
 f - the ring of Juyl (right hand) {rC+ Will++}
   (You found it on level 3 of the Dungeon)

   [ring of protection from cold]

   rC:        It protects you from cold.
   Will:      It greatly increases your willpower.
 l - a ring of fire (left hand)
 m - a ring of protection from cold
 r - a ring of see invisible
Wands
 i - a wand of flame (11)
Scrolls
 c - 2 scrolls of magic mapping {unknown}
 h - a scroll of blinking {unknown}
 k - a scroll of vulnerability {unknown}
 q - a scroll of identify {unknown}
Potions
 d - 2 potions of curing {unknown}
 g - 2 potions of mutation {unknown}
 j - a potion of heal wounds {unknown}
 n - a potion of might {unknown}
 o - a potion of degeneration {unknown}
 p - a potion of lignification {unknown}


   Skills:
 + Level 0.2 Fighting
 + Level 3.2 Throwing
 + Level 2.7 Dodging
 + Level 2.0 Stealth
 + Level 4.7 Spellcasting


You couldn't memorise any spells.
You knew the following spells:

 Your Spells              Type           Power      Damage    Failure   Level
a - Foxfire               Conj/Fire      100%       2x1d9     1%          1
b - Scorch                Fire           64%        2d8       3%          2
c - Conjure Flame         Conj/Fire      32%        6-21      6%          3
d - Inner Flame           Hex/Fire       32%        N/A       6%          3
e - Flame Wave            Conj/Fire      32%        2d9       19%         4
f - Magic Dart            Conj           84%        1d7       1%          1
g - Searing Ray           Conj           42%        2d6       3%          2
h - Frozen Ramparts       Ice            42%        1d7       6%          3
Your spell library was empty.

Dungeon Overview and Level Annotations

Branches:
Dungeon (5/15)
 Temple: D:4-7

Altars:


Innate Abilities, Weirdness & Mutations

You are immune to sickness and miasma.
You are immune to poison.
Your flesh is very heat resistant. (rF++)
You are vulnerable to cold. (rC-)
You float through the air rather than walking.
You learn spells naturally, not from books.
Your magical power is your life essence.
You have superior vitality. (+4 MHP)


Message History

Confirm with . or Enter, or press ? or * to list all spells.
You feel a surge of power!
Flames lash the orc.
You kill the orc!
The orc wizard hits you but does no damage.
Casting: Scorch (safe; 3% risk of failure)
Confirm with . or Enter, or press ? or * to list all spells.
You feel a surge of power!
Flames lash the orc wizard.
The orc wizard is burned terribly!
You kill the orc wizard!
You start resting.
HP restored.
You fly downwards.
The ogre hits you with a +0 giant club!!
There is a stone staircase leading up here.
Casting: Scorch (safe; 3% risk of failure)
Confirm with . or Enter, or press ? or * to list all spells.
You feel a surge of power!
Flames lash the ogre.
The ogre is moderately wounded.
The ogre's fire resistance burns away.
The ogre hits you with a +0 giant club!
* * * LOW HITPOINT WARNING * * *
You hit the ogre.
The ogre is moderately wounded.
The ogre barely misses you.
You fly upwards.
There is a stone staircase leading down here.
Casting: Scorch (safe; 3% risk of failure)
Confirm with . or Enter, or press ? or * to list all spells.
You feel a surge of power!
Flames lash the ogre.
The ogre is burned terribly!
The ogre is heavily wounded.
* * * LOW HITPOINT WARNING * * *
The ogre barely misses you.
Casting: Scorch (safe; 3% risk of failure)
Confirm with . or Enter, or press ? or * to list all spells.
You feel a surge of power!
You miscast Scorch.
You are very lightly contaminated with residual magic.
Nothing appears to happen.
* * * LOW HITPOINT WARNING * * *
The ogre hits you with a +0 giant club!!
Ouch! That really hurt!
You die...

#....##...............#
......................#
.#..###..........(....#
.#..####.............##
..#..# ##...........##
#....##########.#####
#......# ##...### ....##.####
#...[..#
..........####.O@.).## ######
....##.##....#.[)..).# #....#
....##..####.#.......# #....#
.....................###....#
............................#
.....##.#...................#
...####...####......####....#
.........## #########
#....###
.........#####.:.....#
##.....#


You could see an ogre (combustible).

Vanquished Creatures
  Pargi (D:4)
  An ogre (D:4)
  A jelly (D:4)
  A hound (D:4)
  A gnoll bouda (D:4)
  An iguana (D:4)
  Ijyb (D:3)
  An orc wizard (D:4)
  A statue (D:4)
  4 gnolls (D:4)
  4 adders
  2 orcs (D:4)
  A bat (D:3)
  3 endoplasms
  A giant cockroach (D:3)
  8 hobgoblins
  3 ball pythons
  3 goblins
  3 kobolds
  A rat (D:3)
42 creatures vanquished.

Vanquished Creatures (others)
  62 foxfires
62 creatures vanquished.

Grand Total: 104 creatures vanquished

Notes
Turn   | Place    | Note
-------+----------+-------------------------------------------
     0 | D:1      | 101zpm the Djinni Fire Elementalist began the quest for the
                  | Orb.
     0 | D:1      | 101zpm set off with the following spells memorised:
                  | Foxfire, Scorch, Conjure Flame, Inner Flame, Flame Wave.
     0 | D:1      | Reached XP level 1. HP: 15/15 MP: 0/0
    13 | D:2      | Reached XP level 2. HP: 12/21 MP: 0/0
   272 | D:2      | Reached skill level 3 in Spellcasting
   272 | D:2      | Reached XP level 3. HP: 2/25 MP: 0/0
   272 | D:2      | Learned a level 1 spell: Magic Dart
   795 | D:3      | Identified the ring of Juyl {rC+ Will++}
   805 | D:3      | Noticed Ijyb
   810 | D:3      | Killed Ijyb
   811 | D:3      | Reached XP level 4. HP: 23/31 MP: 0/0
  1598 | D:4      | Noticed a frost-covered statue
  1894 | D:4      | Killed a frost-covered statue
  1895 | D:4      | Reached XP level 5. HP: 35/35 MP: 0/0
  1895 | D:4      | Learned a level 2 spell: Searing Ray
  1946 | D:4      | Noticed an ogre
  1952 | D:4      | Killed an ogre
  1953 | D:4      | Reached skill level 4 in Spellcasting
  1953 | D:4      | Reached XP level 6. HP: 27/40 MP: 0/0
  2361 | D:4      | Noticed Pargi
  2366 | D:4      | Killed Pargi
  2367 | D:4      | Reached XP level 7. HP: 43/45 MP: 0/0
  2367 | D:4      | Learned a level 3 spell: Frozen Ramparts
  2773 | D:5      | Entered Level 5 of the Dungeon
  2918 | D:4      | Annihilated by an ogre

Illustrated notes

Levels and vault maps discovered:
D:1:      dpeg_arrival_line_fractal, layout_rooms,
          dreamdust_ecumenical_altar_hidden_monk_grotto
D:2:      layout_basic, basic_altar, minmay_pentomino_t4
D:3:      layout_rooms, minmay_misc_feat_nine_boxes, uniq_ijyb
D:4:      layout_rooms, vehumet_statue, grunt_ministairs_13,
          nrook_loot_triangle, uniq_pargi
D:5:      layout_loops_ring, xom_teletrap_fun, uniq_crazy_yiuf_cottage,
          uniq_eustachio

Skill      XL: |  1  2  3  4  5  6  7 |
---------------+----------------------+-----
Spellcasting   | 3 4 |  4.7
Throwing       | 2 3 |  3.2
Stealth        | 2 |  2.0
Fighting       | |  0.2
Dodging        | |  2.7

Action                   |  1- 3 |  4- 6 |  7- 9 || total
-------------------------+-------+-------+-------++-------
Melee: Unarmed           |       |       |     1 ||     1
Throw: Boomerang         |    28 |    56 |     6 ||    90
 Cast: Foxfire           |    16 |    23 |     1 ||    40
       Scorch            |     5 |    12 |    10 ||    27
       Inner Flame       |     4 |    14 |     7 ||    25
       Magic Dart        |       |     7 |       ||     7
       Searing Ray       |       |     1 |     1 ||     2
Armor: Robe              |     2 |       |     1 ||     3
Dodge: Dodged            |    15 |     3 |     7 ||    25
